 Dungeon Sprint DCSS version 0.32-a0-876-gcfddb08e57 (webtiles) character file.

Game seed: 2610222672889701018

91 Conn the Firebug (level 4, -7/27 HPs)
             Began as an Octopode Fire Elementalist on Apr 1, 2024.
             Was a Priest of Sif Muna.
             Mangled by a warg (21 damage)
             ... in the Dungeon (Sprint VII: "The Pits").
             The game lasted 00:02:19 (380 turns).

Conn the Firebug (Octopode Fire Elementalist)        Turns: 380, Time: 00:02:21

Health: -7/27      AC:  1    Str:  7    XL:     4   Next: 57%
Magic:  0/10       EV: 13    Int: 19    God:    Sif Muna [***...]
Gold:   0          SH:  0    Dex: 12    Spells: 1/11 levels left

rFire   . . .        l - +2 quarterstaff (chaos)
rCold   . . .        (shield currently unavailable)
rNeg    . . .        (helmet restricted)
rPois   .            (no amulet)
rElec   .            (no ring)
rCorr   .            (no ring)
SInv    .            (no ring)
Will    .....        (no ring)
Stlth   ++++         (no ring)
HPRegen 0.24/turn    (no ring)
MPRegen 0.12/turn    (no ring)
                     (no ring)

%: no teleportation
@: no status effects
A: almost no armour, amphibious, 8 rings, camouflage 1, gelatinous body 1,
(nimble swimmer 1), tentacles
a: Renounce Religion, Channel Magic, Forget Spell


You were in the Dungeon.
You worshipped Sif Muna.
Sif Muna was most pleased with you.
You visited 1 branch

Inventory:

Hand Weapons
 g - a +2 falchion
 l - a +2 quarterstaff of chaos (weapon)
Scrolls
 f - a scroll of blinking
 i - 2 scrolls of vulnerability
 j - 5 scrolls of amnesia
 k - a scroll of summoning
Potions
 a - 5 potions of magic
 b - a potion of curing
 c - a potion of heal wounds
 d - a potion of haste
 e - 3 potions of berserk rage
 h - 2 potions of invisibility


   Skills:
 + Level 3.4 Dodging
 + Level 5.6 Stealth
 + Level 4.1 Spellcasting
 + Level 1.9 Conjurations
 + Level 6.5 Fire Magic


You had one spell level left.
You knew the following spells:

 Your Spells              Type           Power      Damage    Failure   Level
a - Foxfire               Conj/Fire      80%        2x1d8     2%          1
b - Scorch                Fire           56%        2d7       1%          2
c - Inner Flame           Hex/Fire       16%        N/A       11%         3
d - Flame Wave            Conj/Fire      20%        2d7       24%         4

Your spell library contained the following spells:

 Spells                   Type           Power      Damage    Failure   Level
 Volatile Blastmotes      Fire/Tloc      32%        2d12      11%         3


Dungeon Overview and Level Annotations

Branches:
Dungeon (1/1)

Altars:
Ashenzari
Cheibriados
Dithmenos
Elyvilon
Fedhas
Gozag
Hepliaklqana
Kikubaaqudgha
Makhleb
Nemelex Xobeh
Okawaru
Qazlal
Ru
Sif Muna
Trog
Uskayaw
Vehumet
Wu Jian
Xom
Yredelemnul
Zin
The Shining One
Beogh
Jiyva
Lugonu


Innate Abilities, Weirdness & Mutations

You cannot wear most types of armour.
You are amphibious.
You can wear up to eight rings at the same time.
Your skin changes colour to match your surroundings (Stealth+).
Your rubbery body absorbs attacks. (AC +1, EV +1)
((You are camouflaged when in or above water. (Stealth+)))
You have tentacles for arms and can constrict up to eight enemies at once.


Message History

Press: ? - help, Dir - move target, f - warg
Aim: a warg (asleep, ally target, chance to affect: 53%)
The warg is filled with an inner flame.
The foxfire hits the warg but does no damage. x2
Unknown command.
Casting: Inner Flame (quite dangerous; 11% risk of failure)
Confirm with . or Enter, or press ? or * to list all spells.
You don't know that spell.
Casting: Inner Flame (quite dangerous; 11% risk of failure)
Confirm with . or Enter, or press ? or * to list all spells.
You conjure some foxfire!
Unknown command.
Casting: Foxfire (safe; 2% risk of failure)
Confirm with . or Enter, or press ? or * to list all spells.
Flames lash the warg.
Flame seeps out of the warg.
The warg is lightly wounded.
The warg's fire resistance burns away.
The foxfire hits the warg.
Flame seeps out of the warg.
The warg is moderately wounded.
The warg is engulfed in blazing flames.
Flame seeps out of the warg.
The foxfire hits the warg but does no damage.
The warg is heavily wounded.
Casting: Scorch (safe; 1% risk of failure)
Confirm with . or Enter, or press ? or * to list all spells.
Flames lash the warg but do no damage.
Unknown command.
Casting: Scorch (safe; 1% risk of failure)
Confirm with . or Enter, or press ? or * to list all spells.
You conjure some foxfire!
The warg bites you!
Ouch! That really hurt!
The warg closely misses you.
Unknown command.
Your foxfire dissipates!
The foxfire hits the warg!
The warg is burned terribly!
Flame seeps out of the warg.
The warg is severely wounded.
The warg is engulfed in blazing flames.
Flame seeps out of the warg.
The warg attacks as it pursues you! The warg bites you!!
Ouch! That really hurt!
You die...

#.#.
#.......
#'#######
#.......
#......÷#
########
#..#.#..#
#.##.##.#
#.......#
#.##.##.#
#..#.#..#+#
#..@h○..'.#
###########


You could see a warg (inner flame, combustible).

Vanquished Creatures
  A weeping skull (D)
  An ufetubus (D)
  A ribbon worm (D)
  2 bats (D)
  An endoplasm (D)
  A hobgoblin (D)
  2 jackals (D)
  A quokka (D)
  2 rats (D)
12 creatures vanquished.

Vanquished Creatures (others)
  Crazy Yiuf (D)
  19 foxfires (D)
20 creatures vanquished.

Grand Total: 32 creatures vanquished

Notes
Turn   | Place    | Note
-------+----------+-------------------------------------------
     0 | D        | Conn the Octopode Fire Elementalist began the quest for the
                  | Orb.
     0 | D        | Reached XP level 1. HP: 11/11 MP: 3/3
    23 | D        | Found a glowing golden altar of the Shining One.
    23 | D        | Found a glowing silver altar of Zin.
    23 | D        | Found a basalt altar of Yredelemnul.
    23 | D        | Found a shimmering altar of Xom.
    23 | D        | Found an ornate altar of the Wu Jian Council.
    23 | D        | Found a bloodstained altar of Trog.
    23 | D        | Found a shimmering blue altar of Sif Muna.
    23 | D        | Found a sacrificial altar of Ru.
    23 | D        | Found a stormy altar of Qazlal.
    23 | D        | Found an iron altar of Okawaru.
    23 | D        | Found a sparkling altar of Nemelex Xobeh.
    23 | D        | Found a burning altar of Makhleb.
    23 | D        | Found a viscous altar of Jiyva.
    23 | D        | Found a hazy altar of Hepliaklqana.
    23 | D        | Found an opulent altar of Gozag.
    23 | D        | Found a blossoming altar of Fedhas.
    23 | D        | Found a white marble altar of Elyvilon.
    23 | D        | Found a shadowy altar of Dithmenos.
    23 | D        | Found a snail-covered altar of Cheibriados.
    24 | D        | Found a radiant altar of Vehumet.
    24 | D        | Found a corrupted altar of Lugonu.
    24 | D        | Found a roughly hewn altar of Beogh.
    25 | D        | Found an ancient bone altar of Kikubaaqudgha.
    25 | D        | Found a hide-covered altar of Uskayaw.
    25 | D        | Found a broken altar of Ashenzari.
    26 | D        | Became a worshipper of Sif Muna the Loreminder
    75 | D        | Reached * piety under Sif Muna
    80 | D        | Reached skill level 4 in Fire Magic
    80 | D        | Reached XP level 2. HP: 10/17 MP: 3/5
   111 | D        | Learned a level 2 spell: Scorch
   113 | D        | Noticed a crocodile
   143 | D        | Noticed Crazy Yiuf
   147 | D        | Reached ** piety under Sif Muna
   148 | D        | Noticed a weeping skull
   161 | D        | Killed Crazy Yiuf
   231 | D        | Killed a weeping skull
   232 | D        | Reached skill level 5 in Stealth
   232 | D        | Reached skill level 6 in Fire Magic
   232 | D        | Reached XP level 3. HP: 21/21 MP: 0/8
   232 | D        | Reached XP level 4. HP: 27/27 MP: 0/10
   244 | D        | Reached *** piety under Sif Muna
   328 | D        | Learned a level 3 spell: Inner Flame
   333 | D        | Learned a level 4 spell: Flame Wave
   370 | D        | Noticed a warg
   380 | D        | Mangled by a warg

Illustrated notes

Levels and vault maps discovered:
D:        pitsprint [storerooms_1, entrance_room_1, metal_vault_6, armoury_3,
          mini_pit_1, grid_room_1, main_hall_1, silver_pit, the_coven_3,
          the_vestibule_1, steel_vault_3, golden_pit, hallway_of_sentries,
          crystal_vault_4, iron_vault_3, final_vault]

Skill      XL: |  1  2 |
---------------+-------+-----
Stealth        | 3 5 |  5.6
Fire Magic     | 4 6 |  6.5
Spellcasting   | 4 |  4.1
Dodging        | 3 |  3.4
Conjurations   | |  1.9

Action                     |  1- 3 |  4- 6 || total
---------------------------+-------+-------++-------
  Melee: Falchion          |     5 |     2 ||     7
         Unarmed           |     3 |       ||     3
         Constrict         |     3 |       ||     3
         Tentacles         |     1 |       ||     1
   Cast: Foxfire           |    10 |     3 ||    13
         Scorch            |     3 |     2 ||     5
         Inner Flame       |       |     1 ||     1
   Stab: Sleeping          |     4 |       ||     4
 Armour: Skin              |       |     4 ||     4
  Dodge: Dodged            |     2 |     5 ||     7

Table legend: (Time is in decaauts)
 A = Elapsed time spent in this place.
 B = Non-inter-level travel time spent in this place.
 C = Inter-level travel time spent in this place.
 D = Time resting spent in this place.
 E = Time spent auto-exploring this place.
 F = Levels seen in this place.
 G = Mean time per level.
                   A        B        C        D        E       F      G
               +--------+--------+--------+--------+--------+-----+--------+
         Total |    381 |    381 |      0 |    141 |      0 |   1 |  381.0 |
       Dungeon |    381 |    381 |      0 |    141 |      0 |   1 |  381.0 |
               +--------+--------+--------+--------+--------+-----+--------+

Top non-repeatable levels by time:
       D: 381 daAuts
